 Dungeon Crawl Stone Soup version 0.21.0-3-g78d12a8bdd (webtiles) character file.

77 Loriander the Skirmisher (level 4, -15/29 HPs)
             Began as a Gargoyle Monk on Jan 17, 2018.
             Was a Believer of Makhleb.
             Demolished by Crazy Yiuf
             ... wielding a +2 quarterstaff of chaos
              (19 damage)
             ... on level 2 of the Dungeon.
             The game lasted 00:14:43 (1933 turns).

Loriander the Skirmisher (Gargoyle Monk)            Turns: 1933, Time: 00:14:44

Health: -15/29     AC: 15    Str: 16    XL:     4   Next: 34%
Magic:  4/4        EV:  0    Int: 10    God:    Makhleb [**....]
Gold:   99         SH:  0    Dex: 12    Spells: 3/3 levels left

rFire    . . .     SeeInvis .   e - +0 dagger (elec)
rCold    . . .     Gourm    .   g - +0 large shield
rNeg     + . .     Faith    .   j - +0 plate armour
rPois    ∞         Spirit   .   d - +1 helmet
rElec    +         Reflect  .   (no cloak)
rCorr    .         Harm     .   (no gloves)
MR       .....                  (no boots)
Stlth    ..........             (no amulet)
HPRegen  0.09/turn              (no ring)
MPRegen  0.09/turn              (no ring)

@: confused, hasted, very quick
A: negative energy resistance 1, electricity resistance, unbreathing,
petrification resistance, rot immunity, AC +3
a: Minor Destruction, Renounce Religion


You were on level 2 of the Dungeon.
You worshipped Makhleb.
Makhleb was pleased with you.
You were not hungry.

You visited 1 branch of the dungeon, and saw 2 of its levels.

You collected 99 gold pieces.

Inventory:

Hand Weapons
 e - a +0 dagger of electrocution (weapon)
 k - a +3 short sword
 s - a +0 hunting sling
Missiles
 t - 83 stones (quivered)
Armour
 b - a +0 robe
 d - a +1 helmet (worn)
 g - a +0 large shield (worn)
 j - a +0 plate armour (worn)
Scrolls
 f - a scroll of teleportation {unknown}
 l - a scroll of blinking {unknown}
 m - a scroll of magic mapping {unknown}
 n - a scroll of identify
 q - a scroll of noise {unknown}
 r - 3 scrolls of remove curse
Potions
 a - a potion of mutation {unknown}
 p - a potion of heal wounds {unknown}
Books
 o - a book of Minor Magic

   Spells                             Type                      Level
   a - Magic Dart                     Conjuration                  1
   b - Blink                          Translocation                2
   c - Call Imp                       Summoning                    2
   d - Slow                           Hexes                        2
   e - Conjure Flame                  Conjuration/Fire             3
   f - Mephitic Cloud                 Conjuration/Poison/Air       3
Comestibles
 c - 4 rations


   Skills:
 + Level 3.9 Fighting
   Level 3.6 Maces & Flails
 + Level 2.9 Dodging
 + Level 3.2 Stealth


You had 3 spell levels left.
You didn't know any spells.

Dungeon Overview and Level Annotations

Branches:
Dungeon (2/15)

Altars:
Ashenzari
Makhleb
Wu Jian

Annotations:
D:2 Crazy Yiuf


Innate Abilities, Weirdness & Mutations

You are resistant to torment.
Your stone body is resilient. (AC +3)
You are immune to poison.
You resist negative energy. (rN+)
You are resistant to electric shocks. (rElec)
You can survive without breathing.
You are immune to petrification.
You are immune to rotting.


Message History

Crazy Yiuf is severely wounded.
Crazy Yiuf hits you but does no damage. Space warps horribly around you!
Ouch! That really hurt!
* * * LOW HITPOINT WARNING * * *
Unknown command.
Crazy Yiuf is nearby!
You are confused.
You feel invigorated.
Crazy Yiuf hits you with a quarterstaff of chaos.
* * * LOW HITPOINT WARNING * * *
Space bends around you.
* * * LOW HITPOINT WARNING * * *
Your shield and plate armour prevent you from hitting Crazy Yiuf.
Crazy Yiuf is severely wounded.
You bump into the rock wall.
Crazy Yiuf hits you with a quarterstaff of chaos.
* * * LOW HITPOINT WARNING * * *
Space warps horribly around you!
Ouch! That really hurt!
You die...

...........######################
...........'........########.....
...........###########...........
####.#.....# #...........
...........# ##### #...#.#..###
...........# #)..# #........'..
.....#..#### #...# ##..#.#..##.
######..# #.g.# ###......##.
.....#..#### #@# #...........
.....#..#..# #.## #...........
.....#..#..# ##.# #...........
.....#..#..# #.## #)..#.......
.....#..#..# ##.# #...#.......
...........# ##.## #...........
.#.#.#.#...# ##P..# #.#.........
...........# #P...# #.#.........
.#.#.#.#.).# #....# #.#.........


You could see Crazy Yiuf.

Vanquished Creatures
  2 adders (D:2)
  3 worms (D:2)
  A dart slug (D:2)
  A leopard gecko (D:2)
  8 bats
  8 goblins
  4 hobgoblins
  2 jackals (D:2)
  7 kobolds
  2 quokkas (D:2)
  A ball python (D:2)
  5 frilled lizards
  3 rats (D:1)
47 creatures vanquished.

Notes
Turn   | Place    | Note
-------+----------+-------------------------------------------
     0 | D:1      | Loriander the Gargoyle Monk began the quest for the Orb.
     0 | D:1      | Reached XP level 1. HP: 14/14 MP: 1/1
   218 | D:1      | Reached XP level 2. HP: 19/19 MP: 2/2
   858 | D:2      | Reached XP level 3. HP: 23/23 MP: 3/3
  1092 | D:2      | Reached XP level 4. HP: 27/29 MP: 4/4
  1111 | D:2      | Found a burning altar of Makhleb.
  1124 | D:2      | Became a worshipper of Makhleb the Destroyer
  1124 | D:2      | Reached * piety under Makhleb
  1124 | D:2      | Reached ** piety under Makhleb
  1160 | D:2      | Found an ornate altar of the Wu Jian Council.
  1165 | D:2      | Found a shattered altar of Ashenzari.
  1830 | D:2      | Found a runed door.
  1916 | D:2      | Noticed Crazy Yiuf
  1933 | D:2      | Demolished by Crazy Yiuf

Skill      XL: |  1  2  3 |
---------------+----------+-----
Stealth        | 3 |  3.2
Fighting       | |  3.9
Maces & Flails | |  3.6
Dodging        | |  2.9

Action                   |  1- 3 |  4- 6 || total
-------------------------+-------+-------++-------
Melee: Dagger            |   114 |    68 ||   182
       Mace              |     3 |       ||     3
  Use: Scroll            |     2 |       ||     2
       Potion            |       |     1 ||     1
 Stab: Sleeping          |     1 |       ||     1
  Eat: Chunk             |     1 |     2 ||     3
Armor: Robe              |     4 |       ||     4
       Plate armour      |    68 |    90 ||   158
Dodge: Dodged            |    43 |     8 ||    51
Block: Large shield      |       |    35 ||    35
